 Dungeon Crawl Stone Soup version 0.23-a0-586-gacb4b3f (webtiles) character file.

18389 JeffiDaFish the Thaumaturge (level 12, -6/59 HPs)
             Began as a Deep Elf Necromancer on Dec 19, 2018.
             Was a Priest of Sif Muna.
             Mangled by a blink frog (13 damage)
             ... on level 2 of the Lair of Beasts on Dec 20, 2018.
             The game lasted 00:49:19 (17170 turns).

JeffiDaFish the Thaumaturge (Deep Elf Necromancer) Turns: 17170, Time: 00:49:21

Health: -6/59      AC: 19    Str: 12    XL:     12   Next: 27%
Magic:  1/37       EV: 18    Int: 37    God:    Sif Muna [***...]
Gold:   512        SH:  0    Dex: 18    Spells: 18/37 levels left

rFire    . . .     SeeInvis .   b - +1 dagger (holy)
rCold    . . .     Gourm    .   (no shield)
rNeg     . . .     Faith    .   l - +1 ring mail "Suiph" {MP+9 Str+7 Stlth+}
rPois    .         Spirit   .   f - +2 helmet {Int+3}
rElec    .         Reflect  .   g - +0 cloak
rCorr    .         Harm     .   s - +3 pair of gloves "Koskegg" {Regen+}
MR       ++...                  C - +0 pair of boots "Rurot" {MR+ Int+6}
Stlth    +++.......             (no amulet)
HPRegen  0.59/turn              z - +3 ring of dexterity
MPRegen  0.25/turn              y - +2 ring of evasion

@: no casting
A: clever 1, low mp 1
a: Stop Divine Energy, Channel Magic, Renounce Religion


You were on level 2 of the Lair of Beasts.
You worshipped Sif Muna.
Sif Muna was most pleased with you.
You were not hungry.

You visited 3 branches of the dungeon, and saw 14 of its levels.
You also visited: Ossuary.

You collected 836 gold pieces.
You spent 324 gold pieces at shops.

Inventory:

Hand Weapons
 b - a +1 dagger of holy wrath (weapon)
Armour
 f - a +2 helmet of intelligence (worn)
 g - a +0 cloak (worn)
 l - the +1 ring mail "Suiph" (worn) {MP+9 Str+7 Stlth+}
   (You found it on level 4 of the Dungeon)

   It affects your strength (+7).
   It affects your magic capacity (+9).
   It makes you more stealthy.
 s - the +3 pair of gloves "Koskegg" (worn) {Regen+}
   (You found it on level 5 of the Dungeon)

   It increases your rate of regeneration.
 C - the +0 pair of boots "Rurot" (worn) {MR+ Int+6}
   (You found it on level 2 of the Lair of Beasts)

   It affects your intelligence (+6).
   It affects your resistance to hostile enchantments.
Jewellery
 h - an uncursed ring of stealth
 y - a +2 ring of evasion (right hand)
 z - a +3 ring of dexterity (left hand)
 B - an uncursed ring of protection from cold
Wands
 w - a wand of iceblast (6)
 x - a wand of disintegration (15)
Scrolls
 d - a scroll of amnesia
 e - 9 scrolls of remove curse
 j - 3 scrolls of magic mapping
 k - 2 scrolls of fog
 m - 4 scrolls of fear
 o - a scroll of blinking
 r - a scroll of summoning
 v - 2 scrolls of identify
 D - a scroll of teleportation
Potions
 a - a potion of brilliance
 n - a potion of cancellation
 p - 5 potions of curing
 q - 3 potions of agility
 t - a potion of heal wounds
 u - a potion of mutation
 A - 2 potions of haste
Comestibles
 c - 23 rations


   Skills:
 - Level 10.3 Armour
 + Level 8.4 Dodging
 - Level 2.4 Stealth
 * Level 13.1 Spellcasting
 + Level 8.5 Hexes
 * Level 12.8 Necromancy


You had 18 spell levels left.
You knew the following spells:

 Your Spells              Type           Power        Failure   Level  Hunger
a - Pain                  Necr           ####         0%          1    None
b - Vampiric Draining     Necr           #######...   1%          3    None
c - Regeneration          Chrm/Necr      ######....   1%          3    None
d - Ensorcelled Hibernat  Hex/Ice        ######       1%          2    None
e - Animate Dead          Necr           N/A          1%          4    None
f - Invisibility          Hex            ######..     14%         6    ###....

Your spell library contained the following spells:

 Spells                   Type           Power        Failure   Level  Hunger
 Animate Skeleton         Necr           N/A          0%          1    None
 Corona                   Hex            ######.      1%          1    None
 Confuse                  Hex            ######..     1%          3    None
 Dazzling Spray           Conj/Hex       ######       1%          3    None
 Summon Guardian Golem    Hex/Summ       ######..     1%          3    None
 Tukima's Dance           Hex            ######..     1%          3    None
 Apportation              Tloc           ###...       3%          1    None
 Beastly Appendage        Tmut           ###...       3%          1    None
 Summon Butterflies       Summ           ###.....     3%          1    None
 Summon Small Mammal      Summ           ###.         3%          1    None
 Call Imp                 Summ           ###.....     4%          2    None
 Sticks to Snakes         Tmut           ###.....     4%          2    None
 Call Canine Familiar     Summ           ###.....     9%          3    None
 Lesser Beckoning         Tloc           ###.......   9%          3    None
 Spider Form              Tmut/Pois      ###.......   9%          3    None
 Ice Form                 Ice/Tmut       ###.....     30%         4    None
 Summon Ice Beast         Ice/Summ       ###.....     30%         4    None
 Summon Lightning Spire   Summ/Air       ###.....     30%         4    None
 Alistair's Intoxication  Tmut/Pois      ###.....     63%         5    None
 Blade Hands              Tmut           ###.......   63%         5    None
 Borgnjor's Revivificati  Necr           #######...   71%         8    ######.
 Infestation              Necr           #######...   71%         8    ######.
 Haunt                    Necr/Summ      ######....   88%         7    #####..
 Death's Door             Chrm/Necr      ######....   100%        8    ######.
 Necromutation            Tmut/Necr      ######....   100%        8    ######.


Dungeon Overview and Level Annotations

Branches:
Dungeon (11/15)            Temple (1/1) D:7            Lair (2/6) D:10
 Spider (0/4) Lair:2
  Swamp: Lair:2-4    Shoals: Lair:2-4       Orc: D:9-12

Altars:
Ashenzari
Cheibriados
Dithmenos
Elyvilon
Fedhas
Gozag
Hepliaklqana
Kikubaaqudgha
Makhleb
Nemelex Xobeh
Okawaru
Qazlal
Ru
Sif Muna
Trog
Uskayaw
Vehumet
Wu Jian
Xom
Yredelemnul
Zin
The Shining One

Shops:
D:5 [(?(   D:6 (

Annotations:
Lair:2 exclusion: oklob plant


Innate Abilities, Weirdness & Mutations

Your mind is acute. (Int +2)
Your magical capacity is low. (-10% MP)


Message History

You see here a blink frog corpse.
The blink frog hits you!
* * * LOW HITPOINT WARNING * * *
The blink frog blinks!
The blink frog hits you.
* * * LOW HITPOINT WARNING * * *
You regain access to your magic.
The blink frog misses you. The blink frog barely misses you.
Casting: Vampiric Draining (safe; 1% risk of failure)
Confirm with . or Enter, or press ? or * to list all spells.
Aiming: Vampiric Draining (safe; 1% risk of failure)
Press: ? - help, Shift-Dir - straight line, f - blink frog, p - blink frog
Aim: a blink frog (almost dead)
You kill the blink frog!
Sif Muna accepts your kill.
You feel life coursing into your body. Sif Muna grants you divine energy.
You briefly lose access to your magic!
The blink frog hits you but does no damage.
The blink frog misses you. The blink frog hits you!
You die...

##.#.............,,
#...........#..P,,,
#...........#*,,,,,
##...........,,,,,,
###..........,,,,,,
#....†.......,,,,,,
##†..........,,,,,,
#†F.#.......,,,,,,
*#@..........,,,,,,
#..F.........,,,,,,
##.#.........,,,,,,
#...........,,,,,,
#.#......,,,,,,,,,
##.......,,,,,,<,,
*,.,.....,,,,,,,,,
*,.,,....,,,,,,,,,
*,,,,,,,,,,,,,,,,,


You could see 2 blink frogs.

Vanquished Creatures
  Erolcha (D:11)
  Harold (D:8)
  A hydra (Lair:1)
  A two-headed ogre (D:11)
  Nergalle (Lair:1)
  An ugly thing (D:11)
  A black mamba (Lair:1)
  Maurice (D:11)
  Psyche (D:8)
  2 rime drakes
  2 komodo dragons
  A merfolk (D:9)
  4 trolls
  2 hornets
  7 blink frogs
  3 hippogriffs
  A wraith (D:5)
  A wyvern (D:11)
  A basilisk (Lair:1)
  A yak (D:10)
  Grum (D:8)
  A soldier ant (D:11)
  6 water moccasins
  A porcupine (Lair:1)
  5 orc warriors
  4 necrophages (D:7)
  4 ice beasts
  3 sky beasts
  A phantom (D:9)
  8 ogres
  4 wolves (D:8)
  2 crocodiles (Lair:1)
  4 centaurs
  3 big kobolds
  3 bullfrogs
  2 scorpions
  2 wyvern skeletons (D:11)
  4 killer bees (D:9)
  8 howler monkeys
  2 wights (D:7)
  2 crimson imps
  6 centaur zombies
  4 hounds
  3 orc priests
  11 orc wizards
  3 centaur skeletons
  A human zombie (Ossuary)
  6 iguanas
  10 worker ants
  A killer bee zombie (D:7)
  A big kobold zombie (Ossuary)
  A hound skeleton (D:5)
  4 hound zombies
  4 mummies
  A worker ant zombie (D:11)
  4 gnolls
  8 adders
  A shadow imp (D:11)
  An ooze (D:3)
  An adder skeleton (D:4)
  An adder zombie (Ossuary)
  6 worms
  2 dart slugs
  5 leopard geckos
  24 orcs
  A ball python (D:1)
  12 bats
  3 giant cockroaches
  12 goblins
  9 hobgoblins
  14 jackals
  24 kobolds
  5 quokkas
  5 frilled lizards
  A giant cockroach zombie (D:6)
  A goblin zombie (Ossuary)
  2 hobgoblin zombies (Ossuary)
  A jackal zombie (Ossuary)
  2 kobold zombies (Ossuary)
  A leopard gecko skeleton (D:4)
  A leopard gecko zombie (D:7)
  An orc zombie (Ossuary)
  A quokka zombie (D:8)
  12 rats
321 creatures vanquished.

Vanquished Creatures (collateral kills)
  A mummy (Ossuary)
1 creature vanquished.

Vanquished Creatures (others)
  An orc wizard (D:11)
  A fungus (Lair:1)
  A plant (Lair:1)
3 creatures vanquished.

Grand Total: 325 creatures vanquished

Notes
Turn   | Place    | Note
-------+----------+-------------------------------------------
     0 | D:1      | JeffiDaFish the Deep Elf Necromancer began the quest for
                  | the Orb.
     0 | D:1      | Reached XP level 1. HP: 10/10 MP: 6/6
     5 | D:1      | Reached skill level 5 in Necromancy
   294 | D:1      | Reached XP level 2. HP: 13/15 MP: 4/8
   972 | D:1      | Reached XP level 3. HP: 15/19 MP: 5/10
   977 | D:1      | Learned a level 3 spell: Vampiric Draining
   981 | D:1      | Learned a level 3 spell: Regeneration
  1383 | D:2      | Found a hazy altar of Hepliaklqana.
  1409 | D:2      | Found a faded altar of an unknown god.
  1577 | D:2      | Reached skill level 4 in Spellcasting
  1934 | D:2      | Reached XP level 4. HP: 22/24 MP: 9/12
  2212 | D:2      | Noticed a moth of wrath
  2214 | D:2      | Found a bloodstained altar of Trog.
  3195 | D:3      | Reached XP level 5. HP: 28/28 MP: 12/14
  3275 | D:3      | Reached skill level 5 in Spellcasting
  3289 | D:3      | Gained mutation: You can translocate small distances at
                  | will. [potion of mutation]
  3289 | D:3      | Gained mutation: You are dopey. (Int -2) [potion of
                  | mutation]
  3289 | D:3      | Gained mutation: You are very dopey. (Int -4) [potion of
                  | mutation]
  3289 | D:3      | Gained mutation: Your muscles are strong. (Str +2) [potion
                  | of mutation]
  3569 | D:3      | Found a burning altar of Makhleb.
  3570 | D:3      | Found a radiant altar of Vehumet.
  3802 | D:4      | Got a brightly glowing ring mail
  3813 | D:4      | Identified the cursed +1 ring mail "Suiph" {MP+9 Str+7
                  | Stlth+} (You found it on level 4 of the Dungeon)
  3866 | D:4      | Learned a level 2 spell: Ensorcelled Hibernation
  3987 | D:4      | Reached XP level 6. HP: 26/32 MP: 16/16
  4146 | D:4      | Found an ornate altar of the Wu Jian Council.
  4325 | D:4      | Found a blossoming altar of Fedhas.
  4328 | D:4      | Found a stormy altar of Qazlal.
  4465 | D:4      | Found a deep blue altar of Sif Muna.
  4627 | D:4      | Reached skill level 6 in Spellcasting
  4627 | D:4      | Reached skill level 1 in Hexes
  4667 | D:4      | Reached skill level 1 in Armour
  4748 | D:4      | You fall through a shaft for 3 floors!
  4749 | D:7      | Found a sparkling altar of Nemelex Xobeh.
  4787 | D:7      | Reached XP level 7. HP: 36/36 MP: 18/18
  4862 | D:5      | Entered Level 5 of the Dungeon
  4879 | D:5      | Reached skill level 7 in Spellcasting
  4965 | D:5      | Noticed a wraith
  5132 | D:5      | Got a pair of slimy gloves
  5143 | D:5      | Identified the +3 pair of gloves "Koskegg" {Regen+} (You
                  | found it on level 5 of the Dungeon)
  5144 | D:5      | Reached skill level 10 in Armour
  5144 | D:5      | Reached XP level 8. HP: 11/41 MP: 20/20
  5207 | D:5      | Found a sand-covered staircase.
  5224 | Ossuary  | Entered an ossuary
  5561 | Ossuary  | Lost mutation: Your muscles are strong. (Str +2) [potion of
                  | mutation]
  5561 | Ossuary  | Lost mutation: You are very dopey. (Int -4) [potion of
                  | mutation]
  5561 | Ossuary  | Lost mutation: You are dopey. (Int -2) [potion of mutation]
  5561 | Ossuary  | Lost mutation: You can translocate small distances at will.
                  | [potion of mutation]
  5561 | Ossuary  | Gained mutation: Your magical capacity is low. (-10% MP)
                  | [potion of mutation]
  5561 | Ossuary  | Gained mutation: You are covered in fur. (AC +1) [potion of
                  | mutation]
  5561 | Ossuary  | Lost mutation: You are covered in fur. (AC +1) [potion of
                  | mutation]
  5561 | Ossuary  | Gained mutation: Your mind is acute. (Int +2) [potion of
                  | mutation]
  5653 | D:5      | Found Buatin's Weapon Boutique.
  6156 | D:5      | Reached XP level 9. HP: 28/45 MP: 20/20
  6322 | D:5      | Found Heaphy Rair's Weapon Shop.
  6329 | D:5      | Found Massiviy's Antique Armour Shoppe.
  6350 | D:5      | Found Himp's Magic Scroll Emporium.
  6938 | D:6      | Found a hide-covered altar of Uskayaw.
  7037 | D:6      | Identified the +4 dagger "Doygyt" {venom, MR+ Int-3 SInv}
                  | (You found it on level 6 of the Dungeon)
  7134 | D:6      | Reached skill level 8 in Spellcasting
  7593 | D:6      | Found Adiub's Antique Weapon Shop.
  7598 | D:6      | Bought a brightly glowing rapier for 324 gold pieces
  7598 | D:6      | Identified the +10 rapier "Cafeag" {antimagic, MR++ MP+9
                  | Dex+3 Stlth-} (You bought it in a shop on level 6 of the
                  | Dungeon)
  8071 | D:7      | Found a staircase to the Ecumenical Temple.
  8304 | D:7      | Learned a level 4 spell: Animate Dead
  8456 | D:7      | Reached skill level 5 in Dodging
  8644 | D:7      | Identified a scroll of acquirement
  8688 | D:7      | Reached skill level 9 in Spellcasting
  8796 | D:7      | Reached XP level 10. HP: 33/49 MP: 22/22
  8840 | D:7      | Reached skill level 5 in Hexes
  9318 | Temple   | Entered the Ecumenical Temple
  9776 | D:4      | Became a worshipper of Sif Muna the Loreminder
 10081 | D:7      | Found a glowing silver altar of Zin.
 10081 | D:7      | Noticed an angel
 10217 | D:8      | Found a shimmering altar of Xom.
 10246 | D:8      | Noticed Harold
 10281 | D:8      | Killed Harold
 10317 | D:8      | Reached skill level 10 in Necromancy
 10477 | D:8      | Noticed Grum
 10492 | D:8      | Killed Grum
 10530 | D:8      | Reached skill level 10 in Spellcasting
 11371 | D:8      | Paralysed by a hornet for 3 turns
 11380 | D:8      | Paralysed by a hornet for 3 turns
 11461 | D:8      | Noticed Psyche
 11519 | D:8      | Killed Psyche
 11519 | D:8      | Reached * piety under Sif Muna
 12092 | D:9      | Learned a level 6 spell: Invisibility
 12395 | D:9      | Reached XP level 11. HP: 51/54 MP: 22/25
 12848 | D:10     | Entered Level 10 of the Dungeon
 12858 | D:10     | Found a staircase to the Lair.
 13669 | Lair:1   | Entered Level 1 of the Lair of Beasts
 13690 | Lair:1   | Reached skill level 11 in Spellcasting
 13898 | Lair:1   | Noticed an eight-headed hydra
 14475 | D:11     | Noticed Erolcha
 14540 | D:10     | Reached ** piety under Sif Muna
 14698 | D:11     | Noticed a brown ugly thing
 14712 | D:11     | Killed a brown ugly thing
 14824 | D:11     | Noticed a two-headed ogre
 14832 | D:11     | Killed a two-headed ogre
 15177 | D:11     | Paralysed by Erolcha for 3 turns
 15184 | D:11     | Killed Erolcha
 15184 | D:11     | Reached skill level 12 in Spellcasting
 15292 | D:11     | Noticed Maurice
 15340 | D:11     | Killed Maurice
 15854 | Lair:1   | Noticed Nergalle
 15880 | Lair:1   | Killed Nergalle
 16081 | Lair:1   | Reached *** piety under Sif Muna
 16197 | Lair:1   | Reached XP level 12. HP: 57/59 MP: 27/27
 16659 | Lair:1   | Killed an eight-headed hydra
 16794 | Lair:2   | Identified the +0 pair of boots "Rurot" {MR+ Int+6} (You
                  | found it on level 2 of the Lair of Beasts)
 16884 | Lair:1   | Reached skill level 13 in Spellcasting
 17170 | Lair:2   | Mangled by a blink frog

Vault maps used:
D:1:      dpeg_arrival_simpleton_b
D:2:      minmay_skewed_foursquare, tgw_trog, lemuel_crystal_altar,
          chequers_ecumenical_altar_grove
D:3:      grunt_temple_overflow_lords_of_destruction
D:4:      grunt_temple_overflow_forces_of_nature, kennysheep_mini_moat,
          nicolae_overflow_hidden_temple
D:5:      first_ration, serial_shops, shop, nicolae_shop_waterfront, shop,
          nicolae_shop_stone, gup_ossuary_entry_pyramid
D:6:      kennysheep_big_flooded_room, lemuel_doored_altar, serial_shops,
          kennysheep_little_box
D:7:      nemelex_xobeh_ov_fountains_minmay, zin_angel,
          minmay_temple_entry_tees, serial_undead, serial_undead_c,
          serial_undead_e, serial_undead_d, serial_undead_a, serial_undead_f,
          serial_undead_d, serial_undead_e
D:8:      kennysheep_mini, corexii_leaking_fountain, uniq_harold, uniq_grum,
          uniq_psyche
D:9:      hangedman_fish_farm, serial_park_tiny_2, minmay_strange_pillars,
          library_closet
D:10:     lair_entry_dummy
D:11:     minmay_starry_boxes, uniq_erolcha, uniq_maurice
Temple:   jpeg_temple_alley_garden
Lair:1:   grunt_megastairs_1, uniq_nergalle
Lair:2:   spider_nest_entry_a, minmay_hedge_maze, minmay_lair_oklob_chamber
Ossuary:  ossuary_minmay_tomb_2a

Skill      XL: |  1  2  3  4  5  6  7  8  9 10 11 12 |
---------------+-------------------------------------+-----
Necromancy     | 5 6 7 8 9 10 12 | 12.8
Dodging        | 3 4 5 6 8 |  8.4
Spellcasting   | 4 5 6 7 9 10 12 13 | 13.1
Hexes          | 1 2 3 4 6 8 |  8.5
Armour         | 1 10 | 10.3
Stealth        | |  2.4

Action                   |  1- 3 |  4- 6 |  7- 9 | 10-12 || total
-------------------------+-------+-------+-------+-------++-------
Melee: Dagger            |    24 |   228 |   879 |   960 ||  2091
 Cast: Pain              |    55 |    86 |    69 |   491 ||   701
       Vampiric Draining |       |    11 |    33 |   147 ||   191
       Regeneration      |       |     5 |    25 |     7 ||    37
       Animate Dead      |       |       |     1 |       ||     1
Invok: Divine Energy     |       |       |       |     1 ||     1
  Use: Potion            |     4 |     5 |     6 |     2 ||    17
       Scroll            |     4 |     5 |    10 |     9 ||    28
 Stab: Sleeping          |     3 |    14 |     7 |     7 ||    31
  Eat: Chunk             |     3 |    10 |    12 |    22 ||    47
       Ration            |       |       |     1 |     2 ||     3
Armor: Robe              |     9 |    27 |       |       ||    36
       Ring mail         |       |    34 |   652 |   611 ||  1297
Dodge: Dodged            |    24 |   148 |   883 |  1086 ||  2141

Table legend:
 A = Non-vault XP
 B = Vault XP
 C = Vault XP percentage of total XP
 D = Non-vault monster count
 E = Vault monster count
 F = Vault count percentage of total count
                 A         B        C        D         E       F
            +---------+---------+-------+---------+---------+-------
      Total |   18127 |    6995 |  27.8 |     265 |      58 |  18.0
            +---------+---------+-------+---------+---------+-------
        D:1 |      62 |       0 |   0.0 |      28 |       0 |   0.0
        D:2 |      55 |      29 |  34.5 |      16 |      12 |  42.9
        D:3 |     140 |      50 |  26.3 |      27 |       1 |   3.6
        D:4 |     293 |       0 |   0.0 |      19 |       0 |   0.0
        D:5 |     903 |      18 |   2.0 |      16 |       1 |   5.9
        D:6 |     608 |     388 |  39.0 |      10 |       2 |  16.7
        D:7 |    1758 |     739 |  29.6 |      33 |      10 |  23.3
        D:8 |    1441 |    2031 |  58.5 |      17 |       7 |  29.2
        D:9 |    1382 |     309 |  18.3 |      21 |       1 |   4.5
       D:10 |     801 |       0 |   0.0 |      16 |       0 |   0.0
       D:11 |    4771 |    2327 |  32.8 |      41 |       6 |  12.8
     Lair:1 |    3429 |     917 |  21.1 |      11 |       2 |  15.4
     Lair:2 |    2484 |       0 |   0.0 |      10 |       0 |   0.0
    Ossuary |       0 |     187 | 100.0 |       0 |      16 | 100.0
            +---------+---------+-------+---------+---------+-------
